 Dungeon Sprint DCSS version 0.19-a0-1886-gd64a0f0 (webtiles) character file.

436 poirepourri the Markscentaur (level 6, 0/84 HPs)
             Began as a Centaur Hunter on Oct 16, 2016.
             Was an Initiate of Okawaru.
             Slain by Sonja
             ... wielding a +0 dagger of venom
              (4 damage)
             ... in the Dungeon (Sprint I: "Red Sonja").
             The game lasted 00:01:54 (458 turns).

poirepourri the Markscentaur (Centaur Hunter)        Turns: 458, Time: 00:01:55

Health: 0/84       AC:  0    Str: 19    XL:     6   Next: 69%
Magic:  6/6        EV: 14    Int: 10    God:    Okawaru [......]
Gold:   167        SH:  0    Dex: 12    Spells: 0 memorised, 5 levels left

rFire  . . .     SeeInvis .     (weapon currently unavailable)
rCold  . . .     Gourm    .     (armour currently unavailable)
rNeg   . . .     Faith    .     (shield currently unavailable)
rPois  .         Spirit   .     (helmet currently unavailable)
rElec  .         Dismiss  .     (cloak currently unavailable)
rCorr  .         Reflect  .     (gloves currently unavailable)
MR     .....     Harm     .     (no barding)
Stlth  .......... NoTele   +    (no amulet)
                                (ring currently unavailable)
                                (ring currently unavailable)

@: berserking, lethally poisoned (0 -> -10), pig-form, slowed, very quick
A: (hooves 0), (deformed body), (speed 0), (tough skin 0)
a: Renounce Religion


You were in the Dungeon.
You worshipped Okawaru.
Okawaru was noncommittal.
You were very full.
You were a filthy swine.
You visited 1 branch You collected 297 gold pieces.
You spent 130 gold pieces at shops.

Inventory:

Hand Weapons
 a - a +1 shortbow (melded)
 b - a +0 short sword
Missiles
 d - 4 arrows
Armour
 c - a +0 leather armour (melded)
Wands
 l - a wand of digging (12/24)
Scrolls
 k - a scroll of blinking
Potions
 h - a potion of haste
 i - 2 potions of magic
 m - a potion of flight {unknown}
 n - a potion of resistance {unknown}
Comestibles
 o - 2 meat rations


   Skills:
 + Level 5.1 Fighting
 + Level 16.8 Bows
 - Level 1.0 Armour
 + Level 1.8 Dodging
 - Level 0.4 Stealth


You had 5 spell levels left.
You didn't know any spells.

Dungeon Overview and Level Annotations

Branches:
Dungeon (1/1)

Altars:
Cheibriados
Dithmenos
Elyvilon
Fedhas
Gozag
Hepliaklqana
Kikubaaqudgha
Nemelex Xobeh
Okawaru
Qazlal
Ru
Sif Muna
Trog
Uskayaw
Vehumet
Yredelemnul
Zin
The Shining One

Shops:
D %

Annotations:
D Sonja


Innate Abilities, Weirdness & Mutations

((You have hooves in place of feet.))
((Armour fits poorly on your strangely shaped body.))
((You cover ground very quickly.))
((You have extremely tough skin. (AC +3)))


Message History

You feel very sick.
Sonja zaps a wand.
You turn into a filthy swine.
Your +1 shortbow melds into your body.
Your +0 leather armour melds into your body.
You feel better. Sonja barely misses you.
Sonja hits you with an uncursed dagger of venom.
* * * LOW HITPOINT WARNING * * *
You are lethally poisoned!
Sonja barely misses you.
Sonja zaps a wand.
A red film seems to cover your vision as you go berserk!
You feel yourself moving faster!
You feel mighty!
* * * LOW HITPOINT WARNING * * *
You feel sick.
Sonja gestures wildly while chanting.
Sonja blinks!
Sonja zaps a wand.
Sonja hits you with an uncursed dagger of venom.
* * * LOW HITPOINT WARNING * * *
You are more poisoned.
Sonja hits you with an uncursed dagger of venom.
You die...

################
#<.#..').#..'..#
#..'..#..'..#..+
#..)####'#####'#
#..####..#...#)#
#..#__####..##(#
#..#_____##'#..+
#⌠⌠#_.∩...'.K._#
####_..__##_h#'#
#_____###§#.#
####### #.###
$.$ $.$ ##(##
#+#


You could see Sonja.

Vanquished Creatures
  Sigmund (D)
  A yak (D)
  An ogre (D)
  A jelly (D)
  Ijyb (D)
5 creatures vanquished.

Vanquished Creatures (others)
  A gargoyle (D)
1 creature vanquished.

Grand Total: 6 creatures vanquished

Notes
Turn   | Place    | Note
-------+----------+-------------------------------------------
     0 | D        | poirepourri the Centaur Hunter began the quest for the Orb.
     0 | D        | Reached XP level 1. HP: 17/17 MP: 1/1
     5 | D        | Noticed Ijyb
    14 | D        | Killed Ijyb
    14 | D        | Reached skill level 9 in Bows
    14 | D        | Reached XP level 2. HP: 25/25 MP: 2/2
   109 | D        | Noticed an ogre
   114 | D        | Killed an ogre
   114 | D        | Reached skill level 12 in Bows
   114 | D        | Reached XP level 3. HP: 31/31 MP: 3/3
   114 | D        | Reached XP level 4. HP: 38/38 MP: 4/4
   173 | D        | Noticed Sigmund
   179 | D        | Killed Sigmund
   179 | D        | Reached skill level 15 in Bows
   179 | D        | Reached skill level 1 in Armour
   179 | D        | Reached XP level 5. HP: 25/46 MP: 5/5
   308 | D        | Found a deep blue altar of Sif Muna.
   320 | D        | Found a radiant altar of Vehumet.
   323 | D        | Reached XP level 6. HP: 53/53 MP: 6/6
   346 | D        | Killed a gargoyle
   352 | D        | Found Boghiurgh's Food Emporium.
   352 | D        | Found an ancient bone altar of Kikubaaqudgha.
   352 | D        | Found a hazy altar of Hepliaklqana.
   352 | D        | Found a stormy altar of Qazlal.
   352 | D        | Found a hide-covered altar of Uskayaw.
   352 | D        | Found a blossoming altar of Fedhas.
   352 | D        | Found a bloodstained altar of Trog.
   352 | D        | Found an iron altar of Okawaru.
   352 | D        | Found a basalt altar of Yredelemnul.
   352 | D        | Found a glowing golden altar of the Shining One.
   352 | D        | Found a snail-covered altar of Cheibriados.
   352 | D        | Found a sacrificial altar of Ru.
   352 | D        | Found a glowing silver altar of Zin.
   352 | D        | Found a shadowy altar of Dithmenos.
   352 | D        | Found a white marble altar of Elyvilon.
   352 | D        | Noticed a yak
   383 | D        | Killed a yak
   383 | D        | Reached skill level 5 in Fighting
   383 | D        | Reached skill level 16 in Bows
   417 | D        | Found an opulent altar of Gozag.
   418 | D        | Found a sparkling altar of Nemelex Xobeh.
   430 | D        | Became a worshipper of Warmaster Okawaru
   433 | D        | Bought a meat ration for 65 gold pieces
   433 | D        | Bought a meat ration for 65 gold pieces
   445 | D        | Noticed Sonja
   458 | D        | HP: 4/84 [Sonja/uncursed dagger of venom (1)]
   458 | D        | Slain by Sonja

Vault maps used:
D:        dungeon_sprint_1

Skill      XL: |  1  2  3  4  5  6 |
---------------+-------------------+-----
Bows           | 9 12 15 16 | 16.8
Fighting       | 3 4 5 |  5.1
Armour         | 1 |  1.0
Dodging        | |  1.8
Stealth        | |  0.4

Action                   |  1- 3 |  4- 6 || total
-------------------------+-------+-------++-------
 Fire: Shortbow          |    14 |    31 ||    45
  Use: Potion            |       |     3 ||     3
  Eat: Bread ration      |       |     1 ||     1
Armor: Leather armour    |     4 |     2 ||     6
Dodge: Dodged            |     3 |     8 ||    11
